 Dungeon Crawl Stone Soup version 0.28.0 (webtiles) character file.

Game seed: 12173657049762463640

190 Sanktem7 the Conjurer (level 5, -8/24 HPs)
             Began as a Spriggan Conjurer on Feb 7, 2022.
             Mangled by Crazy Yiuf (14 damage)
             ... on level 2 of the Dungeon.
             The game lasted 00:13:31 (4282 turns).

Sanktem7 the Conjurer (Spriggan Conjurer)           Turns: 4282, Time: 00:13:35

Health: -8/24      AC:  3    Str:  3    XL:     5   Next: 41%
Magic:  10/12      EV: 17    Int: 21    God:
Gold:   47         SH:  0    Dex: 14    Spells: 9/12 levels left

rFire   . . .      SeeInvis +   o - +0 short sword (freeze)
rCold   . . .      Faith    .   (no shield)
rNeg    . . .      Spirit   .   a - +0 robe
rPois   .          Reflect  .   (helmet restricted)
rElec   .          Harm     .   p - +0 cloak
rCorr   .          Rampage  .   (gloves unavailable)
Will    .....                   (boots unavailable)
Stlth   ++........              (no amulet)
HPRegen 0.08/turn               (no ring)
MPRegen 0.13/turn               (no ring)

@: lethally poisoned (-8 -> -15), very quick
A: very small, no large weapons, unfitting armour, see invisible, speed 3
a: no special abilities


You were on level 2 of the Dungeon.
You visited 1 branch of the dungeon, and saw 3 of its levels.
You also visited: Sewer.

You collected 47 gold pieces.

Inventory:

Hand Weapons
 e - a +0 dagger
 o - a +0 short sword of freezing (weapon)
Armour
 a - a +0 robe (worn)
 p - a +0 cloak (worn)
Scrolls
 f - 2 scrolls of brand weapon
 i - a scroll of vulnerability
 j - 4 scrolls of teleportation
 n - a scroll of enchant weapon {unknown}
Potions
 b - a potion of resistance {unknown}
 d - 2 potions of curing
 g - 2 potions of invisibility {unknown}
 h - a potion of attraction {unknown}
 k - a potion of degeneration {unknown}
 l - 2 potions of mutation {unknown}
 m - a potion of cancellation {unknown}


   Skills:
 + Level 3.4 Dodging
 + Level 3.4 Stealth
 + Level 0.7 Unarmed Combat
 + Level 4.0 Spellcasting
 * Level 4.3 Conjurations


You had 9 spell levels left.
You knew the following spells:

 Your Spells              Type           Power      Damage    Failure   Level
a - Magic Dart            Conj           88%        1d7       1%          1
b - Searing Ray           Conj           44%        2d6       3%          2

Your spell library contained the following spells:

 Spells                   Type           Power      Damage    Failure   Level
 Dazzling Flash           Conj/Hex       26%        N/A       14%         3
 Fulminant Prism          Conj/Hex       6%         3d7       43%         4
 Iskenderun's Mystic Bla  Conj/Tloc      13%        2d5       43%         4


Dungeon Overview and Level Annotations

Branches:
Dungeon (3/15)              Sewer (visited)

Altars:

Shops:
D:3 (!

Annotations:
D:2 Crazy Yiuf


Innate Abilities, Weirdness & Mutations

You are very small and have problems with some larger weapons.
You are too small for most types of armour.
You have supernaturally acute eyesight. (SInv)
You cover ground extremely quickly. (Speed+++)


Message History

Aim: Crazy Yiuf, wielding a +3 quarterstaff of chaos and wearing a +0 cloak (100% to hit)
The magic dart hits Crazy Yiuf.
Crazy Yiuf is lightly wounded.
Crazy Yiuf completely misses you.
Casting: Magic Dart (safe; 1% risk of failure)
Confirm with . or Enter, or press ? or * to list all spells.
Aiming: Magic Dart (safe; 1% risk of failure)
Press: ? - help, Shift-Dir - straight line, f/p - Crazy Yiuf
Aim: Crazy Yiuf, wielding a +3 quarterstaff of chaos and wearing a +0 cloak (lightly wounded, 100% to hit)
The magic dart hits Crazy Yiuf.
Crazy Yiuf is lightly wounded.
Crazy Yiuf closely misses you.
You hit Crazy Yiuf. You freeze Crazy Yiuf.
Crazy Yiuf is moderately wounded.
Crazy Yiuf completely misses you.
You closely miss Crazy Yiuf.
Crazy Yiuf is lightly wounded.
Crazy Yiuf hits you with a +3 quarterstaff of chaos.
You barely miss Crazy Yiuf.
Crazy Yiuf is lightly wounded.
Crazy Yiuf misses you.
You hit Crazy Yiuf but do no damage.
Crazy Yiuf is lightly wounded.
Crazy Yiuf misses you. Crazy Yiuf completely misses you.
You barely miss Crazy Yiuf.
Crazy Yiuf is lightly wounded.
Crazy Yiuf says, "Snurf spinner mumblescurry!"
Crazy Yiuf hits you with a +3 quarterstaff of chaos!
You are lethally poisoned!
You hit Crazy Yiuf. You freeze Crazy Yiuf.
Crazy Yiuf is moderately wounded.
You feel very sick. Crazy Yiuf barely misses you.
You closely miss Crazy Yiuf.
Crazy Yiuf is moderately wounded.
* * * LOW HITPOINT WARNING * * *
You feel sick.
Crazy Yiuf hits you with a +3 quarterstaff of chaos!
Ouch! That really hurt!
You die...

...#
#.###....#
##.# #.#
#....# ...#
#.# ♣....♣
##.# #.#
♣...♣♣ ##.#
#.# ♣♣.♣♣
...#######÷#
♣.♣♣
...........#
♣♣.♣
.#.##.######
♣.♣♣ <#.##.#
♣♣@♣ .#.##.#
#g# .#.##.#
... ......#
#...#
##.####
#..)# #.#
##### ##.#
###### ...#
#....##
##### ####
#.###.#
#...###


You could see Crazy Yiuf.

Vanquished Creatures
  Jessica (D:3)
  Robin (D:3)
  7 adders
  2 worms (D:3)
  2 dart slugs (D:1)
  An orc (D:3)
  9 ball pythons
  6 bats
  3 endoplasms
  5 giant cockroaches
  9 goblins
  9 hobgoblins
  7 kobolds
  A quokka (D:1)
  10 frilled lizards
  6 rats
79 creatures vanquished.

Notes
Turn   | Place    | Note
-------+----------+-------------------------------------------
     0 | D:1      | Sanktem7 the Spriggan Conjurer began the quest for the Orb.
     0 | D:1      | Reached XP level 1. HP: 9/9 MP: 5/5
   332 | D:1      | Reached XP level 2. HP: 11/13 MP: 2/6
  1222 | D:2      | Reached XP level 3. HP: 16/16 MP: 4/8
  1743 | D:2      | You fall into a shaft and drop 1 floor!
  1982 | D:3      | Reached XP level 4. HP: 21/21 MP: 4/9
  2052 | D:3      | Found Xaume's Weapon Shoppe.
  2236 | D:3      | Found Qeusk's Distillery.
  2422 | D:3      | Noticed Robin
  2509 | D:3      | Killed Robin
  2677 | D:3      | Found a glowing drain.
  2710 | Sewer    | Entered a sewer
  3063 | Sewer    | Reached XP level 5. HP: 24/24 MP: 9/11
  3069 | Sewer    | Learned a level 2 spell: Searing Ray
  3467 | D:3      | Noticed Jessica
  3484 | D:3      | Killed Jessica
  3709 | D:2      | Found a runed translucent door.
  3710 | D:2      | Noticed Crazy Yiuf
  4282 | D:2      | Mangled by Crazy Yiuf

Illustrated notes

Levels and vault maps discovered:
D:1:      lemuel_arrival_river_bridge, layout_loops_cross, minmay_cut_off
D:2:      layout_loops_cross, uniq_crazy_yiuf_cottage
D:3:      layout_rooms, serial_shops, shop, shop, cheibrodos_sewer_entry_bend,
          serial_glass, glass_columns_c, glass_columns_c, glass_columns_c,
          glass_columns_a, uniq_robin, uniq_jessica

Skill      XL: |  1  2  3  4  5 |
---------------+----------------+-----
Conjurations   | 3 4 |  4.3
Dodging        | 3 |  3.4
Spellcasting   | 3 4 |  4.0
Stealth        | |  3.4
Unarmed Combat | |  0.7

Action                   |  1- 3 |  4- 6 || total
-------------------------+-------+-------++-------
Melee: Unarmed           |    12 |     1 ||    13
       Short sword       |       |    10 ||    10
       Punch             |       |     1 ||     1
 Cast: Magic Dart        |    84 |    89 ||   173
       Searing Ray       |       |     2 ||     2
  Use: Scroll            |       |     4 ||     4
 Stab: Sleeping          |       |     1 ||     1
Armor: Robe              |     1 |       ||     1
Dodge: Dodged            |    13 |    35 ||    48
